 Dungeon Crawl Stone Soup version 0.27-a0-417-g317cea8a3c (webtiles) character file.

Game seed: 6431155568917871377

75 tilp the Sneak (level 4, -3/29 HPs)
             Began as an Octopode Transmuter on Feb 25, 2021.
             Slain by an iron imp (5 damage)
             ... summoned by Natasha
             ... on level 2 of the Dungeon.
             The game lasted 00:01:57 (1528 turns).

tilp the Sneak (Octopode Transmuter)                Turns: 1528, Time: 00:01:57

Health: -3/29      AC:  5    Str:  9    XL:     4   Next: 31%
Magic:  6/7        EV: 13    Int: 16    God:
Gold:   52         SH:  0    Dex: 12    Spells: 4/7 levels left

rFire    . . .     SeeInvis .     - Unarmed
rCold    . . .     Faith    .   (no shield)
rNeg     . . .     Spirit   .   (helmet currently unavailable)
rPois    .         Reflect  .   (no amulet)
rElec    .         Harm     .   f - +4 ring of protection
rCorr    .         Rampage  .   (no ring)
Will     .....                  (no ring)
Stlth    +++.......             (no ring)
HPRegen  0.09/turn              (no ring)
MPRegen  0.10/turn              (no ring)
                                (no ring)
                                (no ring)

@: appendages, slowed, very slow
A: almost no armour, stealthy swim, amphibious, 8 rings, constrict 8, tentacle
spike 3, camouflage 1, gelatinous body 1
a: End Transformation


You were on level 2 of the Dungeon.
One of your tentacles had a temporary spike.
You visited 1 branch of the dungeon, and saw 2 of its levels.

You collected 52 gold pieces.

Inventory:

Missiles
 a - 61 stones (quivered)
 b - 8 atropa-tipped darts
Jewellery
 f - a +4 ring of protection (left tentacle)
Scrolls
 e - a scroll of fog {unknown}
Potions
 g - a potion of attraction


   Skills:
 + Level 2.0 Fighting
 - Level 2.0 Dodging
 - Level 4.0 Stealth
 + Level 3.5 Unarmed Combat
 - Level 2.0 Spellcasting
 - Level 2.0 Transmutations


You had 4 spell levels left.
You knew the following spells:

 Your Spells              Type           Power        Failure   Level
a - Beastly Appendage     Tmut           16%          9%          1
b - Wereblood             Tmut           8%           14%         2

Your spell library contained the following spells:

 Spells                   Type           Power        Failure   Level
 Spider Form              Tmut/Pois      2%           38%         3
 Ice Form                 Ice/Tmut       4%           80%         4
 Blade Hands              Tmut           4%           94%         5


Dungeon Overview and Level Annotations

Branches:
Dungeon (2/15)

Altars:

Annotations:
D:2 Natasha


Innate Abilities, Weirdness & Mutations

You cannot wear most types of armour.
You are very stealthy in the water. (Stealth+)
You are amphibious.
You can wear up to eight rings at the same time.
You can use your tentacles to constrict eight enemies at once.
Your skin changes colour to match your surroundings (Stealth+).
Your rubbery body absorbs attacks. (AC +1, EV +1)
One of your tentacles bears a large vicious spike.


Message History

You tentacle-slap the adder. You grab the adder. You squeeze the adder!
You kill the adder!
The iron imp hits you!
* * * LOW HITPOINT WARNING * * *
Your Fighting skill increases to level 2!
Unknown command.
You barely miss Natasha. Your grab misses Natasha.
Your tentacle-slap misses Natasha.
Natasha claws you!
* * * LOW HITPOINT WARNING * * *
Natasha claws you but does no damage. The iron imp barely misses you.
Unknown command.
You feel better.
Natasha mewls in sadness.
Natasha stares at you and mumbles some strange words.
You feel as though you will be slow longer.
The iron imp barely misses you.
Unknown command.
You feel much better. Natasha claws you. The iron imp completely misses you.
Natasha claws you.
Unknown command.
Casting: Wereblood (safe; 14% risk of failure)
Confirm with . or Enter, or press ? or * to list all spells.
One of your tentacles grows a vicious spike.
The iron imp hits you. Natasha claws you but does no damage.
Unknown command.
You barely miss Natasha. Your grab misses Natasha. Your squeeze misses Natasha.
Natasha misses you. The iron imp barely misses you. Natasha barely misses you.
The iron imp hits you.
* * * LOW HITPOINT WARNING * * *
You closely miss Natasha. You grab Natasha.
You pierce Natasha.
Natasha is lightly wounded.
You constrict Natasha, but do no damage.
Natasha misses you. The iron imp hits you!
* * * LOW HITPOINT WARNING * * *
The crimson imp blinks!
Unknown command.
You barely miss Natasha.
Natasha is lightly wounded.
You constrict Natasha. Natasha closely misses you. The iron imp hits you.
You die...

....$.#######.#
#....†....!..#
#.#####....### #.#
#....# ###+#.#####....#
...# #.............†#
#..# #......####..l.#
###..#
#..†...######h#####....#
#...........5@.........#
#......................#
#.....................>#
###+#..................#
#...............####
######..........#
..........)..#
###..........#
####.#.#####


You could see an iron imp (summoned), Natasha and a frilled lizard.

Vanquished Creatures
  Natasha (D:2)
  2 adders (D:2)
  A worm (D:2)
  A dart slug (D:2)
  A giant cockroach (D:1)
  A goblin (D:1)
  7 hobgoblins
  7 kobolds (D:1)
  A bat (D:1)
  2 frilled lizards
  4 rats
28 creatures vanquished.

Notes
Turn   | Place    | Note
-------+----------+-------------------------------------------
     0 | D:1      | tilp the Octopode Transmuter began the quest for the Orb.
     0 | D:1      | Reached XP level 1. HP: 13/13 MP: 3/3
    50 | D:1      | Reached skill level 1 in Stealth
    57 | D:1      | Reached skill level 2 in Stealth
   203 | D:1      | Reached XP level 2. HP: 11/18 MP: 5/5
   206 | D:1      | Learned a level 2 spell: Wereblood
   363 | D:1      | Reached skill level 3 in Stealth
  1345 | D:2      | Reached XP level 3. HP: 23/23 MP: 4/6
  1382 | D:2      | Reached skill level 4 in Stealth
  1405 | D:2      | Noticed Natasha
  1414 | D:2      | Killed Natasha
  1487 | D:2      | Noticed Natasha
  1502 | D:2      | Reached XP level 4. HP: 29/29 MP: 4/7
  1522 | D:2      | HP: 1/29 [Natasha (7)]
  1528 | D:2      | Slain by an iron imp

Illustrated notes

Levels and vault maps discovered:
D:1:      lemuel_arrival_hallway, layout_basic
D:2:      layout_basic, minmay_split_cup_large, uniq_sigmund, uniq_natasha

Skill      XL: |  1  2  3  4 |
---------------+-------------+-----
Stealth        | 2 3 4 |  4.0
Fighting       | 2 |  2.0
Dodging        | |  2.0
Unarmed Combat | |  3.5
Spellcasting   | |  2.0
Transmutations | |  2.0

Action                   |  1- 3 |  4- 6 || total
-------------------------+-------+-------++-------
Melee: Unarmed           |    73 |    17 ||    90
       Constrict         |    19 |     3 ||    22
       Tentacles         |    10 |     1 ||    11
       Punch             |     1 |       ||     1
       Kick              |     3 |     3 ||     6
Throw: Stone             |     1 |       ||     1
 Cast: Beastly Appendage |     4 |     1 ||     5
       Wereblood         |     1 |       ||     1
  Use: Scroll            |     3 |       ||     3
       Potion            |       |     2 ||     2
 Stab: Sleeping          |     8 |       ||     8
Armor: Skin              |     8 |     8 ||    16
Dodge: Dodged            |    23 |    21 ||    44

Table legend: (Time is in decaauts)
 A = Elapsed time spent in this place.
 B = Non-inter-level travel time spent in this place.
 C = Inter-level travel time spent in this place.
 D = Time resting spent in this place.
 E = Time spent auto-exploring this place.
 F = Levels seen in this place.
 G = Mean time per level.
                   A        B        C        D        E       F      G
               +--------+--------+--------+--------+--------+-----+--------+
         Total |   1531 |   1515 |     16 |    258 |   1014 |   2 |  765.5 |
       Dungeon |   1531 |   1515 |     16 |    258 |   1014 |   2 |  765.5 |
               +--------+--------+--------+--------+--------+-----+--------+

Top non-repeatable levels by time:
     D:1: 1323 daAuts
     D:2: 208 daAuts
